 Dungeon Crawl Stone Soup version 0.31.0-11-ge490571c62 (webtiles) character file.

Game seed: 610308471690798784

9 Flugkiller the Chiller (level 2, 0/13 HPs)
             Began as a Vine Stalker Ice Elementalist on Feb 1, 2024.
             Slain by an adder (3 damage)
             ... on level 2 of the Dungeon.
             The game lasted 00:00:39 (112 turns).

Flugkiller the Chiller (VSIE)                        Turns: 112, Time: 00:00:40

Health: 0/13       AC:  2    Str: 10    XL:     2   Next: 16%
Magic:  0/6        EV: 12    Int: 15    God:
Gold:   22         SH:  0    Dex: 14    Spells: 5/6 levels left

rFire   . . .        (no weapon)
rCold   . . .        (no shield)
rNeg    . . .        a - +0 robe
rPois   .            (no helmet)
rElec   .            (no cloak)
rCorr   .            (no gloves)
SInv    .            (no boots)
Will    .....        (no amulet)
Stlth   ++           (no ring)
HPRegen 1.02/turn    (no ring)
MPRegen 0.10/turn

%: guardian spirit
@: no status effects
A: fangs 2, regeneration 1, magic shield, antimagic bite, no potion heal 2
a: no special abilities


You were on level 2 of the Dungeon.
You visited 1 branch of the dungeon, and saw 3 of its levels.

You collected 22 gold pieces.

Inventory:

Armour
 a - a +0 robe (worn)
Scrolls
 c - a scroll of identify {unknown}
 d - a scroll of enchant weapon {unknown}
 e - a scroll of revelation {unknown}
 f - a scroll of blinking {unknown}
Potions
 b - a potion of magic


   Skills:
 - Level 1.5 Dodging
 - Level 2.4 Stealth
 + Level 2.6 Spellcasting
 + Level 4.2 Ice Magic


You had 5 spell levels left.
You knew the following spells:

 Your Spells              Type           Power      Damage    Failure   Level
a - Freeze                Ice            56%        1d7       3%          1

Your spell library contained the following spells:

 Spells                   Type           Power      Damage    Failure   Level
 Frozen Ramparts          Ice            28%        1d5       11%         3
 Ozocubu's Armour         Ice            14%        N/A       11%         3
 Summon Ice Beast         Ice/Summ       8%         N/A       26%         3


Dungeon Overview and Level Annotations

Branches:
Dungeon (3/15) Zot: 17887

Altars:


Innate Abilities, Weirdness & Mutations

You have extremely sharp teeth.
Your natural rate of healing is unusually fast.
When hurt, damage is shared between your health and your magic reserves.
Your bite disrupts and absorbs the magic of your enemies.
Potions cannot restore your health.


Message History

Confirm with . or Enter, or press ? or * to list all spells.
Aiming: Freeze (safe; 3% risk of failure)
Press: ? - help, Shift-Dir - straight line, f - frilled lizard
Aim: a frilled lizard You freeze the frilled lizard.
You kill the frilled lizard!
Found a whip.
A rat comes into view.
An endoplasm comes into view.
There is a stone staircase leading down here.
You climb downwards.
Found 12 gold pieces and a scroll labelled ISHRUL ZAHUWK.
There is a stone staircase leading up here.
Unknown command.
You now have 12 gold pieces.
A quokka comes into view.
Found a spear.
Casting: Freeze (safe; 3% risk of failure)
Confirm with . or Enter, or press ? or * to list all spells.
Aiming: Freeze (safe; 3% risk of failure)
Press: ? - help, Shift-Dir - straight line, f - quokka
Aim: a quokka You freeze the quokka.
You kill the quokka!
You have reached level 2!
A hobgoblin comes into view.
Found a scroll labelled MUEPOIH BAO.
A quokka comes into view.
You see here a scroll labelled ISHRUL ZAHUWK.
e - a scroll labelled ISHRUL ZAHUWK
Casting: Freeze (safe; 3% risk of failure)
Confirm with . or Enter, or press ? or * to list all spells.
Aiming: Freeze (safe; 3% risk of failure)
Press: ? - help, Shift-Dir - straight line, f - quokka
Aim: a quokka You freeze the quokka.
The quokka is heavily wounded.
The quokka bites you.
You hit the quokka but do no damage.
The quokka is heavily wounded.
The quokka bites you. The quokka attacks as it pursues you!
The quokka bites you. x2
You hit the quokka. Your bite misses the quokka.
The quokka is almost dead.
The quokka bites you.
You miss the quokka.
The quokka is almost dead.
The quokka barely misses you.
You closely miss the quokka. Your bite misses the quokka.
The quokka is almost dead.
The quokka bites you but does no damage.
You hit the quokka.
You kill the quokka!
Found an escape hatch in the ceiling.
f - a scroll labelled MUEPOIH BAO
There is an escape hatch in the ceiling here.
A mysterious force pulls you upwards. The hatch slams shut behind you.
Found 10 gold pieces.
You now have 22 gold pieces (gained 10).
You see here a +0 whip.
You enter a teleport trap!
The teleport trap disappears.
Your surroundings seem slightly different.
An adder comes into view.
The rat squeaks loudly.
You hear an angry hiss.
You hear a shout!
An adder comes into view.
You closely miss the rat.
The rat twitches its whiskers.
The rat barely misses you.
Unknown command.
Casting: Freeze (safe; 3% risk of failure)
Confirm with . or Enter, or press ? or * to list all spells.
Aiming: Freeze (safe; 3% risk of failure)
Press: ? - help, Shift-Dir - straight line, f - rat
Aim: a rat You freeze the rat.
You kill the rat!
Casting: Freeze (safe; 3% risk of failure)
Confirm with . or Enter, or press ? or * to list all spells.
Aiming: Freeze (safe; 3% risk of failure)
Press: ? - help, Shift-Dir - straight line, f - adder
Aim: an adder You freeze the adder!
The adder is severely wounded.
The endoplasm hits you but does no damage.
Casting: Freeze (safe; 3% risk of failure)
Confirm with . or Enter, or press ? or * to list all spells.
Aiming: Freeze (safe; 3% risk of failure)
Press: ? - help, Shift-Dir - straight line, f/p - adder
Aim: an adder (severely wounded)
You freeze the adder.
The adder is almost dead.
The adder bites you. The endoplasm hits you. The adder bites you.
Casting: Freeze (safe; 3% risk of failure)
Confirm with . or Enter, or press ? or * to list all spells.
Okay, then.
The adder bites you.
* * * LOW HITPOINT WARNING * * *
The endoplasm attacks as it pursues you!
The endoplasm misses you. The adder bites you.
You die...

##. ...# ... . ... #.#
#.# J.... #.. ... .
#S##.##..# #SJ......#
#@#....... #........# ##
####..#...).. ..####
#...>....#.###.....# #
#)##..#............[
..###.##...............#
..........#.##.####.####
###..#..<....)####.#
#..#..##.#.......#


You could see 2 adders and an endoplasm.

Vanquished Creatures
  A dart slug (D:1)
  A ball python (D:1)
  An endoplasm (D:1)
  2 quokkas (D:3)
  A frilled lizard (D:2)
  A rat (D:2)
7 creatures vanquished.

Notes
Turn   | Place    | Note
-------+----------+-------------------------------------------
     0 | D:1      | Flugkiller the Vine Stalker Ice Elementalist began the
                  | quest for the Orb.
     0 | D:1      | Reached XP level 1. HP: 9/9 MP: 4/4
    61 | D:3      | Reached XP level 2. HP: 13/13 MP: 1/6
   112 | D:2      | Slain by an adder

Illustrated notes

Levels and vault maps discovered:
D:1:      erik_arrival_orb_chamber, layout_loops_ring,
          shapermc_ecumenical_altar_notcrosses, corexii_hall_statues_u
D:2:      layout_loops_cross, uniq_crazy_yiuf_cottage
D:3:      minmay_wonky_spiral, layout_loops_cross, fiery_altar_vehumet,
          nicolae_overflow_squiral, gammafunk_ghost_gnarly_gnolls, uniq_ijyb,
          uniq_grinder, uniq_natasha

Action                     || total
---------------------------++-------
  Melee: Unarmed           ||     8
   Cast: Freeze            ||    11
 Armour: Robe              ||    14
  Dodge: Dodged            ||     6
